 Dungeon Sprint DCSS version 0.29.1-2-gbd0b4ee654 (webtiles) character file.

Game seed: 8050478688138814223

4327 Zeld the Severer (level 10, -9/151 HPs)
             Began as a Minotaur Berserker on Oct 28, 2022.
             Was the Champion of Trog.
             Succumbed to poison (poison gas)
             ... in the Dungeon (Sprint VII: "The Pits").
             The game lasted 00:02:15 (3074 turns).

Zeld the Severer (Minotaur Berserker)               Turns: 3074, Time: 00:02:16

Health: -9/151     AC: 18    Str: 27    XL:     10   Next: 12%
Magic:  9/9        EV: 11    Int:  4    God:    Trog [******]
Gold:   0          SH:  0    Dex:  9    Spells: 9/9 levels left

rFire   . . .      SeeInvis .   a - +2 executioner's axe (flame)
rCold   . . .      Faith    .   (shield currently unavailable)
rNeg    . . .      Spirit   .   b - +3 plate armour
rPois   .          Reflect  .   (helmet restricted)
rElec   .          Harm     .   (no cloak)
rCorr   .          Rampage  .   (no gloves)
Will    .....      NoTele   +   (no boots)
Stlth   ..........              (no amulet)
HPRegen 0.35/turn               (no ring)
MPRegen 0.11/turn               (no ring)

@: berserking (expiring), lethally poisoned (-9 -> -83), very quick
A: horns 2, retaliatory headbutt
a: Renounce Religion, Berserk, Trog's Hand, Brothers in Arms


You were in the Dungeon.
You worshipped Trog.
Trog was exalted by your worship.
You visited 1 branch

Inventory:

Hand Weapons
 a - a +2 executioner's axe of flaming (weapon)
Armour
 b - a +3 plate armour (worn)
Scrolls
 h - a scroll of blinking
 j - a scroll of summoning
Potions
 c - 8 potions of curing
 d - 8 potions of heal wounds
 e - 3 potions of haste
 f - 4 potions of magic
 g - 3 potions of berserk rage
 i - 2 potions of invisibility
 l - a potion of mutation
 n - 3 potions of might


   Skills:
 + Level 13.3 Fighting
 * Level 18.0 Axes
 + Level 13.1 Armour
 + Level 12.0 Dodging


You had 9 spell levels left.
You didn't know any spells.
Your spell library was empty.

Dungeon Overview and Level Annotations

Branches:
Dungeon (1/1)

Altars:
Ashenzari
Cheibriados
Dithmenos
Elyvilon
Fedhas
Gozag
Hepliaklqana
Kikubaaqudgha
Makhleb
Nemelex Xobeh
Okawaru
Qazlal
Ru
Sif Muna
Trog
Uskayaw
Vehumet
Wu Jian
Xom
Yredelemnul
Zin
The Shining One
Jiyva
Lugonu


Innate Abilities, Weirdness & Mutations

You have a pair of horns on your head.
You reflexively headbutt those who attack you in melee.


Message History

Trog accepts your kill.
You barely miss the swamp dragon.
You feel extremely sick.
The centaur shoots an arrow.
The arrow hits you but does no damage.
Your Axes skill increases to level 18!
Unknown command.
You slice the swamp dragon!! You burn the swamp dragon.
The swamp dragon is almost dead.
* * * LOW HITPOINT WARNING * * *
You feel extremely sick. The swamp dragon bites you!
* * * LOW HITPOINT WARNING * * *
The swamp dragon barely misses you. The swamp dragon tramples you.
* * * LOW HITPOINT WARNING * * *
You stumble backwards!
The centaur shoots an arrow.
The arrow hits you.
* * * LOW HITPOINT WARNING * * *
You slash the swamp dragon! You burn the swamp dragon.
The swamp dragon is almost dead.
You are engulfed in poison gas.
You are more poisoned.
* * * LOW HITPOINT WARNING * * *
x2 You feel extremely sick.
The swamp dragon bites you.
* * * LOW HITPOINT WARNING * * *
The swamp dragon claws you but does no damage.
The swamp dragon barely misses you.
A polar bear comes into view.
The centaur shoots an arrow.
The arrow hits you but does no damage.
The polar bear growls angrily.
Unknown command.
You slice the swamp dragon!! You burn the swamp dragon.
You kill the swamp dragon!
Trog accepts your kill. Trog grants you a weapon!
Something appears at your feet!
You see here a +3 war axe of flaming.
You hit the necrophage but do no damage.
You are engulfed in poison gas.
You are more poisoned.
* * * LOW HITPOINT WARNING * * *
You die...

................+
......#..#......#
................#
###'#####''######
.......##''############
.......##......'..'...###
.......##......'○°'s....#
...<...##.....##n†##.....
.......##...###.@○☼###.s.
.......##..##..☼...§.###.
.......##''#...#..#..c#
#########.............h.
#########)'#...#..#...#..
..#.[.[##).##......).## .
..#=.[[##...###....###
..'..))##.....##..##
..#..))###.....'..+


You could see a polar bear, a redback, a necrophage and a centaur.

Vanquished Creatures
  A swamp dragon (D)
  A bog body (D)
  A phantasmal warrior (D)
  A manticore (D)
  An ice devil (D)
  A guardian mummy (D)
  2 freezing wraiths (D)
  5 blink frogs (D)
  A snapping turtle (D)
  A spriggan (D)
  A warg (D)
  A floating eye (D)
  A black bear (D)
  A centaur (D)
  2 kobold brigands (D)
  A crimson imp (D)
  A hound (D)
  A gnoll bouda (D)
  An orc priest (D)
  An orc wizard (D)
  2 adders (D)
  5 gnolls (D)
  2 river rats (D)
  2 adder zombies (D)
  4 orcs (D)
  A bat zombie (D)
  A goblin (D)
  2 hobgoblins (D)
  A ball python (D)
  A ball python skeleton (D)
  A quokka skeleton (D)
  A rat (D)
49 creatures vanquished.

Notes
Turn   | Place    | Note
-------+----------+-------------------------------------------
     0 | D        | Zeld the Minotaur Berserker began the quest for the Orb.
     0 | D        | Reached XP level 1. HP: 19/19 MP: 0/0
    16 | D        | Reached skill level 4 in Axes
   163 | D        | Reached ** piety under Trog
   164 | D        | Reached XP level 2. HP: 27/27 MP: 1/1
   237 | D        | Found a bloodstained altar of Trog.
   237 | D        | Found a shimmering blue altar of Sif Muna.
   237 | D        | Found a viscous altar of Jiyva.
   237 | D        | Found a hazy altar of Hepliaklqana.
   237 | D        | Found an opulent altar of Gozag.
   238 | D        | Found a glowing golden altar of the Shining One.
   238 | D        | Found a glowing silver altar of Zin.
   238 | D        | Found a basalt altar of Yredelemnul.
   238 | D        | Found a shimmering altar of Xom.
   238 | D        | Found an ornate altar of the Wu Jian Council.
   238 | D        | Found a sacrificial altar of Ru.
   238 | D        | Found a stormy altar of Qazlal.
   238 | D        | Found an iron altar of Okawaru.
   238 | D        | Found a sparkling altar of Nemelex Xobeh.
   238 | D        | Found a burning altar of Makhleb.
   238 | D        | Found a blossoming altar of Fedhas.
   238 | D        | Found a white marble altar of Elyvilon.
   238 | D        | Found a shadowy altar of Dithmenos.
   238 | D        | Found a snail-covered altar of Cheibriados.
   246 | D        | Found a radiant altar of Vehumet.
   246 | D        | Found a corrupted altar of Lugonu.
   247 | D        | Found a hide-covered altar of Uskayaw.
   247 | D        | Found an ancient bone altar of Kikubaaqudgha.
   247 | D        | Found a broken altar of Ashenzari.
   297 | D        | Reached skill level 5 in Axes
   350 | D        | Reached *** piety under Trog
   545 | D        | Reached skill level 5 in Fighting
   545 | D        | Reached skill level 6 in Axes
   545 | D        | Reached XP level 3. HP: 35/36 MP: 2/2
   547 | D        | Reached **** piety under Trog
   551 | D        | Reached skill level 7 in Axes
   551 | D        | Reached skill level 5 in Armour
   551 | D        | Reached XP level 4. HP: 19/44 MP: 3/3
   554 | D        | HP: 2/66 [gnoll/+0 spear[a gnoll bouda] (4)]
  1007 | D        | Noticed a kobold brigand
  1008 | D        | Noticed a black bear
  1011 | D        | Killed a black bear
  1012 | D        | Reached skill level 9 in Axes
  1012 | D        | Reached XP level 5. HP: 52/52 MP: 4/4
  1013 | D        | Reached ***** piety under Trog
  1017 | D        | Reached skill level 10 in Axes
  1017 | D        | Reached XP level 6. HP: 61/61 MP: 5/5
  1022 | D        | Received a gift from Trog
  1367 | D        | Reached skill level 11 in Axes
  1469 | D        | Noticed a bog body
  1472 | D        | Killed a bog body
  1473 | D        | Reached skill level 13 in Axes
  1473 | D        | Reached XP level 7. HP: 71/71 MP: 6/6
  1692 | D        | Reached skill level 10 in Fighting
  1886 | D        | Noticed a blink frog
  1886 | D        | Noticed a blink frog
  1886 | D        | Noticed a blink frog
  1886 | D        | Noticed a blink frog
  1886 | D        | Noticed a blink frog
  1886 | D        | Noticed a manticore
  1891 | D        | Killed a blink frog
  1891 | D        | Received a gift from Trog
  1892 | D        | Reached XP level 8. HP: 79/79 MP: 7/7
  1895 | D        | Killed a blink frog
  1895 | D        | Reached ****** piety under Trog
  1896 | D        | Reached skill level 14 in Axes
  1896 | D        | Reached skill level 10 in Armour
  1898 | D        | Killed a blink frog
  1899 | D        | Killed a blink frog
  1900 | D        | Reached skill level 15 in Axes
  1903 | D        | Killed a manticore
  1904 | D        | Reached skill level 10 in Dodging
  1904 | D        | Reached XP level 9. HP: 60/89 MP: 8/8
  1911 | D        | Reached skill level 16 in Axes
  2217 | D        | Noticed a freezing wraith
  2223 | D        | Killed a freezing wraith
  2311 | D        | Noticed a phantasmal warrior
  2312 | D        | Noticed a guardian mummy
  2318 | D        | Killed a phantasmal warrior
  2320 | D        | Received a gift from Trog
  2321 | D        | Reached skill level 17 in Axes
  2321 | D        | Killed a guardian mummy
  2745 | D        | Noticed a freezing wraith
  2756 | D        | Killed a freezing wraith
  2757 | D        | Reached XP level 10. HP: 91/101 MP: 9/9
  3065 | D        | Noticed a swamp dragon
  3072 | D        | Reached skill level 18 in Axes
  3073 | D        | HP: 7/151 [swamp dragon (1)]
  3074 | D        | Killed a swamp dragon
  3074 | D        | Received a gift from Trog
  3074 | D        | HP: 3/151 [something (4)]
  3074 | D        | Succumbed to poison (poison gas)

Illustrated notes

Levels and vault maps discovered:
D:        pitsprint [storerooms_1, entrance_room_1, metal_vault_4, armoury_1,
          mini_pit_1, grid_room_1, main_hall_1, silver_pit, the_coven_1,
          the_vestibule_1, steel_vault_5, golden_pit, hallway_of_sentries,
          crystal_vault_4, iron_vault_5, final_vault]

Skill      XL: |  1  2  3  4  5  6  7  8  9 10 |
---------------+-------------------------------+-----
Axes           | 4 6 7 9 10 13 15 17 18 | 18.0
Fighting       | 4 5 7 9 10 11 13 | 13.3
Armour         | 3 4 5 6 7 9 11 12 13 | 13.1
Dodging        | 3 4 6 8 9 10 11 12 | 12.0

Action                   |  1- 3 |  4- 6 |  7- 9 | 10-12 || total
-------------------------+-------+-------+-------+-------++-------
Melee: Hand axe          |    24 |    20 |       |       ||    44
       Headbutt          |     4 |     3 |     4 |     3 ||    14
       Punch             |     2 |       |       |       ||     2
       Battleaxe         |       |     5 |    30 |       ||    35
       Executioner's axe |       |       |    18 |    12 ||    30
Invok: Berserk           |     2 |     1 |     2 |     1 ||     6
 Stab: Sleeping          |     1 |       |       |       ||     1
Armor: Animal skin       |     2 |     1 |       |       ||     3
       Scale mail        |       |     8 |     5 |       ||    13
       Plate armour      |       |       |    10 |    18 ||    28
Dodge: Dodged            |    21 |    15 |    28 |    13 ||    77
